 Dungeon Crawl Stone Soup version 0.30-a0-748-ge6a52f7cba (webtiles) character file.

Game seed: 2219234232210839879

240 boo the Insei (level 5, -1/42 HPs)
             Began as a Demonspawn Monk on Feb 9, 2023.
             Slain by an orc
             ... wielding a +0 war axe
              (4 damage)
             ... on level 5 of the Dungeon.
             The game lasted 00:06:23 (3343 turns).

boo the Insei (Demonspawn Monk)                     Turns: 3343, Time: 00:06:24

Health: -1/42      AC: 10    Str: 13    XL:     5   Next: 80%
Magic:  5/5        EV: 10    Int: 12    God:
Gold:   188        SH:  0    Dex: 17    Spells: 4/4 levels left

rFire   . . .      SeeInvis .      - Unarmed
rCold   . . .      Faith    .    (no shield)
rNeg    . . .      Spirit   .    f - +0 scale mail
rPois   .          Reflect  .    m - +0 helmet
rElec   .          Harm     .    s - +0 cloak
rCorr   .          Rampage  .    d - +0 pair of gloves
Will    .....                    k - +0 pair of boots
Stlth   +                        (no amulet)
HPRegen 0.27/turn                (no ring)
MPRegen 0.09/turn                (no ring)

@: confused
A: thin skeletal structure 1, powered by death 1, weakness stinger 1
a: no special abilities


You were on level 5 of the Dungeon.
You visited 1 branch of the dungeon, and saw 7 of its levels.

You collected 188 gold pieces.

Inventory:

Armour
 d - a +0 pair of gloves (worn)
 f - a +0 scale mail (worn)
 k - a +0 pair of boots (worn)
 m - a +0 helmet (worn)
 s - a +0 cloak (worn)
 z - a +1 helmet
Wands
 v - a wand of polymorph (10)
 y - a wand of paralysis (2)
Scrolls
 a - a scroll of teleportation
 g - 3 scrolls of amnesia
 h - a scroll of enchant weapon
 l - a scroll of immolation {unknown}
 n - a scroll of identify
 o - a scroll of magic mapping {unknown}
 q - a scroll of poison
 u - a scroll of fog
 w - 2 scrolls of fear {unknown}
Potions
 b - a potion of ambrosia
 c - a potion of brilliance {unknown}
 e - 2 potions of haste
 i - a potion of mutation {unknown}
 j - a potion of berserk rage {unknown}
 p - a potion of degeneration {unknown}
 r - 2 potions of curing {unknown}
 t - 2 potions of invisibility {unknown}
 x - a potion of magic {unknown}


   Skills:
 + Level 4.1 Fighting
 + Level 3.7 Dodging
 - Level 1.7 Stealth
 * Level 4.6 Unarmed Combat


You had 4 spell levels left.
You didn't know any spells.
Your spell library contained the following spells:

 Spells                   Type           Power      Damage    Failure   Level
 Ignite Poison            Fire/Tmut/Pois 0%         N/A       99%         3
 Teleport Other           Tloc           0%         N/A       99%         3
 Tukima's Dance           Hex            0%         N/A       99%         3
 Passage of Golubria      Tloc           0%         N/A       100%        4
 Yara's Violent Unravell  Hex/Tmut       0%         3d3       100%        5
 Dispersal                Tloc           0%         N/A       100%        6


Dungeon Overview and Level Annotations

Branches:
Dungeon (7/15)
 Temple: D:4-7

Altars:
Fedhas
Qazlal
Wu Jian
Xom

Shops:
D:4 :


Innate Abilities, Weirdness & Mutations

You have a somewhat thin skeletal structure. (Dex +2, Stealth+)
You regenerate a little health from kills.
You have a small tail.


Message History

The puff of frost hits you!
The white imp hits you but does no damage.
The orc wizard hits you but does no damage.
The white imp laughs crazily.
The white imp hits you but does no damage.
The orc wizard points at you and mumbles some strange words.
You resist with some effort.
There is a stone staircase leading up here.
The orc shouts!
The orc closely misses you. The white imp closely misses you.
The orc wizard hits you but does no damage.
You climb upwards.
Reactivating autopickup.
Found an escape hatch in the floor.
There is a stone staircase leading down here.
You hit the orc wizard. You tail-slap the orc wizard.
The orc wizard is severely wounded.
The white imp closely misses you.
The orc wizard hits you but does no damage.
The orc hits you with a +0 war axe.
You barely miss the orc wizard.
Your tail-slap misses the orc wizard.
The orc wizard is severely wounded.
The orc hits you with a +0 war axe. The orc wizard barely misses you.
The white imp hits you but does no damage.
You closely miss the orc wizard.
The orc wizard is severely wounded.
The iguana hisses angrily.
The orc wizard gestures at you while chanting.
You are confused.
The orc hits you with a +0 war axe!
* * * LOW HITPOINT WARNING * * *
The white imp closely misses you. The white imp attacks as you move away!
The white imp hits you.
* * * LOW HITPOINT WARNING * * *
The white imp freezes you.
* * * LOW HITPOINT WARNING * * *
The orc wizard attacks as you move away!
The orc wizard hits you but does no damage.
The orc hits you with a +0 war axe.
You die...

... #. ..#
#. ..# #.
..# +. ..+
#. #. ..#
##..##.##..#
.......5@..+
....l..oo..#
.......##..#
....... ..#
####### ..#
..+ ..# ..#


You could see an iguana, an orc wizard, a white imp and an orc.

Vanquished Creatures
  A phantom (D:3)
  A scorpion (D:6)
  Robin (D:2)
  2 adders (D:3)
  7 orcs
  4 endoplasms
  2 giant cockroaches (D:1)
  12 goblins
  10 hobgoblins
  2 quokkas
  6 ball pythons
  3 bats
  3 frilled lizards
  6 kobolds
  2 rats
62 creatures vanquished.

Notes
Turn   | Place    | Note
-------+----------+-------------------------------------------
     0 | D:1      | boo the Demonspawn Monk began the quest for the Orb.
     0 | D:1      | Reached XP level 1. HP: 18/18 MP: 1/1
   258 | D:1      | Gained mutation: You have a somewhat thin skeletal
                  | structure. (Dex +2, Stealth+) [demonic ancestry]
   258 | D:1      | Reached XP level 2. HP: 24/24 MP: 2/2
  1019 | D:2      | Noticed Robin
  1039 | D:2      | Gained mutation: You have a small tail. [demonic ancestry]
  1039 | D:2      | Reached XP level 3. HP: 27/29 MP: 3/3
  1054 | D:2      | Killed Robin
  1294 | D:2      | Found a faded altar of an unknown god.
  1689 | D:2      | Got the Meditations on the Quantum Queen Bee
  2014 | D:3      | Found a stormy altar of Qazlal.
  2055 | D:3      | Reached XP level 4. HP: 23/35 MP: 4/4
  2296 | D:3      | Found a blossoming altar of Fedhas.
  2332 | D:3      | Noticed a phantom
  2354 | D:3      | Killed a phantom
  2355 | D:3      | Gained mutation: You regenerate a little health from kills.
                  | [demonic ancestry]
  2355 | D:3      | Reached XP level 5. HP: 40/42 MP: 5/5
  2690 | D:3      | Found an ornate altar of the Wu Jian Council.
  3017 | D:4      | Found a shimmering altar of Xom.
  3053 | D:4      | Found Coodit's Book Shoppe.
  3084 | D:4      | You fall into a shaft and drop 3 floors!
  3243 | D:6      | Noticed an ice beast
  3324 | D:6      | Noticed an orc warrior
  3339 | D:5      | Entered Level 5 of the Dungeon
  3343 | D:5      | Slain by an orc

Illustrated notes

Levels and vault maps discovered:
D:1:      matt_arrival_refuge, layout_loops_ring
D:2:      layout_basic, shapermc_ecumenical_altar_totnotflames,
          minmay_tromino_i4, uniq_robin
D:3:      layout_basic, lemuel_tele_altar, grunt_qazlal_sundering,
          nicolae_wu_jian_immortal_techniques
D:4:      layout_rooms, mainiacjoe_overflow_alcove_4, serial_shops,
          nicolae_stop_n_shop_2, glass_columns_a, kennysheep_generic_room_3
D:5:      layout_gridville, uniq_ijyb
D:6:      layout_cave_pools, nicolae_vehumet_altar_sigil
D:7:      layout_basic, elyvilon_altar_5, marbit_many_paths,
          minmay_temple_entry_waves, uniq_pikel

Skill      XL: |  1  2  3  4  5 |
---------------+----------------+-----
Unarmed Combat | 3 4 |  4.6
Dodging        | 3 |  3.7
Fighting       | 4 |  4.1
Stealth        | |  1.7

Action                     |  1- 3 |  4- 6 || total
---------------------------+-------+-------++-------
  Melee: Unarmed           |   165 |   113 ||   278
         Punch             |     4 |       ||     4
         Tailslap          |     5 |    17 ||    22
    Use: Scroll            |     4 |     5 ||     9
   Stab: Sleeping          |     1 |     1 ||     2
 Armour: Scale mail        |    95 |    57 ||   152
  Dodge: Dodged            |    89 |    65 ||   154

Table legend: (Time is in decaauts)
 A = Elapsed time spent in this place.
 B = Non-inter-level travel time spent in this place.
 C = Inter-level travel time spent in this place.
 D = Time resting spent in this place.
 E = Time spent auto-exploring this place.
 F = Levels seen in this place.
 G = Mean time per level.
                   A        B        C        D        E       F      G
               +--------+--------+--------+--------+--------+-----+--------+
         Total |   3322 |   3074 |    248 |    431 |   1985 |   7 |  474.6 |
       Dungeon |   3322 |   3074 |    248 |    431 |   1985 |   7 |  474.6 |
               +--------+--------+--------+--------+--------+-----+--------+

Top non-repeatable levels by time:
     D:3: 1006 daAuts
     D:2: 1003 daAuts
     D:1: 991 daAuts
     D:6: 152 daAuts
     D:7: 99 daAuts
     D:4: 65 daAuts
     D:5: 3 daAuts
